 Dungeon Crawl Stone Soup version 0.24.0-123-gd5b16e6ec5 (webtiles) character file.

Game seed: 7062018234554420400, levelgen mode: deterministic

51 eccles the Skirmisher (level 3, -10/30 HPs)
             Began as a Demonspawn Abyssal Knight on Jan 16, 2020.
             Was a Follower of Lugonu.
             Mangled by an ogre
             ... wielding a +0 giant club
              (15 damage)
             ... on level 2 of the Dungeon.
             The game lasted 00:06:31 (1171 turns).

eccles the Skirmisher (Demonspawn Abyssal Knight)   Turns: 1171, Time: 00:06:31

Health: -10/30     AC:  3    Str: 13    XL:     3   Next: 58%
Magic:  4/4        EV: 11    Int: 13    God:    Lugonu [*.....]
Gold:   27         SH:  0    Dex: 12    Spells: 2/2 levels left

rFire    . . .     SeeInvis .   a - +1 falchion
rCold    . . .     Gourm    .   (no shield)
rNeg     . . .     Faith    .   q - +0 leather armour
rPois    .         Spirit   .   (helmet restricted)
rElec    .         Reflect  .   (no cloak)
rCorr    .         Harm     .   (no gloves)
MR       .....                  (no boots)
Stlth    +.........             (no amulet)
HPRegen  0.10/turn              (no ring)
MPRegen  0.09/turn              (no ring)

@: no status effects
A: horns 1, spiny 1
a: Depart the Abyss, Renounce Religion


You were on level 2 of the Dungeon.
You worshipped Lugonu.
Lugonu was aware of your devotion.
You were hungry.

You visited 1 branch of the dungeon, and saw 2 of its levels.
You visited the Abyss 1 time.

You collected 27 gold pieces.

Inventory:

Hand Weapons
 a - a +1 falchion (weapon)
 o - a +0 mace
Missiles
 h - 41 stones (quivered)
 m - 7 arrows
 n - 21 sling bullets
Armour
 b - a +0 leather armour
 q - a +0 leather armour (worn)
Jewellery
 g - an uncursed amulet of the gourmand {unknown}
 i - an uncursed ring of protection from fire {unknown}
Scrolls
 k - a scroll of teleportation {unknown}
 l - 2 scrolls of identify {unknown}
Potions
 e - a potion of magic {unknown}
 f - 2 potions of haste {unknown}
 j - a potion of curing {unknown}
 p - a potion of lignification {unknown}
 r - a potion of agility {unknown}
 s - a potion of heal wounds {unknown}
Comestibles
 c - 3 rations
 d - 3 chunks of flesh


   Skills:
 * Level 3.8 Fighting
 * Level 2.5 Long Blades
 * Level 2.2 Armour
 + Level 0.9 Dodging
 + Level 2.4 Invocations


You had 2 spell levels left.
You didn't know any spells.
Your spell library was empty.

Dungeon Overview and Level Annotations

Branches:
Dungeon (2/15)

Altars:
Fedhas


Innate Abilities, Weirdness & Mutations

You have a pair of small horns on your head.
You are partially covered in sharp spines.


Message History

Ouch! That really hurt!
There is an open door, spattered with blood here.
You hit the ogre. You headbutt the ogre.
The ogre is moderately wounded.
The ogre barely misses you.
You closely miss the ogre.
The ogre is moderately wounded.
You hit the ogre.
The ogre is moderately wounded.
The ogre closely misses you.
You riposte.
You barely miss the ogre. Your headbutt misses the ogre.
The ogre is moderately wounded.
You hit the ogre.
The ogre is moderately wounded.
The ogre is struck by your spines. The ogre hits you with a +0 giant club!
* * * LOW HITPOINT WARNING * * *
There is an open door here.
The ogre is struck by your spines. The ogre hits you with a +0 giant club!
Ouch! That really hurt!
You die...

######...######.#
#...# #.# #...# #.#
##### #.# #.# ♣♣###.#
♣♣♣♣♣♣..##.#
♣♣♣........#O#
♣♣...♣♣♣♣♣...@# ..
♣._.♣♣ ♣♣##.# #. #.
♣.♣♣♣ #.#.....# #.# #.
♣♣♣ #.#.....# #.# #
#.#.....# #.# #
#.#.....# #.# #
#.#.....# #.######
#####'#.....# #.......
#...........###.....##


You could see an ogre.

Vanquished Creatures
  An adder (D:2)
  A worm (D:2)
  A dart slug (D:1)
  2 leopard geckos (D:1)
  4 giant cockroaches
  A goblin (D:1)
  6 hobgoblins
  2 kobolds (D:1)
  9 bats
  5 rats
32 creatures vanquished.

Notes
Turn   | Place    | Note
-------+----------+-------------------------------------------
     0 | Abyss:1  | eccles the Demonspawn Abyssal Knight began the quest for
                  | the Orb.
     0 | Abyss:1  | Reached XP level 1. HP: 18/18 MP: 2/2
     0 | Abyss:1  | Found a corrupted altar of Lugonu.
    54 | Abyss:1  | Noticed a small abomination
    55 | D:1      | Escaped the Abyss
   195 | D:1      | Gained mutation: You have a pair of small horns on your
                  | head. [demonic ancestry]
   195 | D:1      | Reached XP level 2. HP: 17/24 MP: 3/3
   271 | D:1      | Reached * piety under Lugonu
   848 | D:1      | Gained mutation: You are partially covered in sharp spines.
                  | [demonic ancestry]
   848 | D:1      | Reached XP level 3. HP: 29/29 MP: 4/4
  1107 | D:2      | Found a blossoming altar of Fedhas.
  1148 | D:2      | Noticed an ogre
  1171 | D:2      | Mangled by an ogre

Levels and vault maps discovered:
D:1:      zelgadis_glass_arrival_small, layout_basic
D:2:      layout_basic, first_ration, grunt_decor_cap, fedhas_altar_4

Skill      XL: |  1  2 |
---------------+-------+-----
Long Blades    | 2 |  2.5
Armour         | 2 |  2.2
Fighting       | |  3.8
Dodging        | |  0.9
Invocations    | |  2.4

Action                   || total
-------------------------++-------
Melee: Falchion          ||    57
       Headbutt          ||    10
Invok: Depart the Abyss  ||     1
 Stab: Sleeping          ||     1
Armor: Leather armour    ||    10
Dodge: Dodged            ||    52
       Rpst.: Falchion   ||    25
